 Dungeon Crawl Stone Soup version 0.30.1-11-g7821555f0a (webtiles) character file.

Game seed: 16937762606621866825

85 Tali the Chopper (level 4, -4/55 HPs)
             Began as a Demonspawn Chaos Knight on Nov 2, 2023.
             Was a Plaything of Xom.
             Slain by Terence the cane toad (shapeshifter) (7 damage)
             ... on level 2 of the Dungeon.
             The game lasted 00:01:50 (1050 turns).

Tali the Chopper (Demonspawn Chaos Knight)          Turns: 1050, Time: 00:01:50

Health: -4/55      AC: 22    Str: 14    XL:     4   Next: 25%
Magic:  4/4        EV:  2    Int: 13    God:    Xom [.*....]
Gold:   70         SH:  0    Dex: 13    Spells: 3/3 levels left

rFire   . . .        a - +0 hand axe (chaos)
rCold   . . .        (no shield)
rNeg    . . .        b - melded +2 leather armour
rPois   +            (helmet currently unavailable)
rElec   .            (cloak currently unavailable)
rCorr   .            (gloves currently unavailable)
SInv    .            (boots currently unavailable)
Will    .....        (no amulet)
Stlth   +            (no ring)
HPRegen 0.29/turn    (no ring)
MPRegen 0.09/turn

%: no passive effects
@: tree-form
A: stationary, stasis, torment immunity, boosted hp, (weakness stinger 1)
a: Renounce Religion


You were on level 2 of the Dungeon.
You worshipped Xom.
You were a plaything of Xom.
You were a tree.
You visited 1 branch of the dungeon, and saw 2 of its levels.

You collected 70 gold pieces.

Inventory:

Hand Weapons
 a - a +0 hand axe of chaos (weapon)
Missiles
 g - a throwing net
Armour
 b - a +2 leather armour (melded)
Scrolls
 d - a scroll of enchant weapon {unknown}
 e - 4 scrolls of identify {unknown}
 h - a scroll of teleportation {unknown}
Miscellaneous
 c - a piece from Xom's chessboard (15/15) (quivered)


   Skills:
 + Level 3.6 Fighting
 + Level 3.8 Axes
 + Level 2.2 Armour
 + Level 1.2 Dodging
 + Level 0.1 Stealth


You had 3 spell levels left.
You didn't know any spells.
Your spell library contained the following spells:

 Spells                   Type           Power      Damage    Failure   Level
 Magic Dart               Conj           0%         1d3       30%         1
 Call Imp                 Summ           0%         N/A       43%         2
 Hailstorm                Conj/Ice       0%         3d3       67%         3
 Mephitic Cloud           Conj/Pois/Air  0%         N/A       67%         3
 Summon Lightning Spire   Summ/Air       0%         N/A       97%         4
 Silence                  Hex/Air        0%         N/A       100%        5
 Plasma Beam              Fire/Air       0%         2x1d11    100%        6


Dungeon Overview and Level Annotations

Branches:
Dungeon (2/15)

Altars:

Annotations:
D:2 Terence


Innate Abilities, Weirdness & Mutations

You are a tree.
Your roots penetrate the ground, keeping you stationary.
You cannot be teleported.
You are immune to unholy pain and torment.
Your maximum health is greatly increased.
Your equipment is partially melded.
((You have a small tail.))


Message History

You closely miss Terence. You hit the endoplasm.
The endoplasm suddenly seems more resistant.
The bat hits you but does no damage.
A quokka comes into view.
The endoplasm hits you but does no damage.
Terence stings you! The bat hits you but does no damage.
You hit Terence but do no damage. You hit the endoplasm.
You feel better.
You kill the endoplasm!
You barely miss the bat. The bat hits you but does no damage.
Terence stings you but does no damage.
The kobold closely misses Terence.
You hit Terence.
Terence is lightly wounded.
The bat barely misses you. Terence stings you!
* * * LOW HITPOINT WARNING * * *
The kobold hits Terence with a +0 whip.
Terence stings you but does no damage.
Unknown command.
You aren't carrying any potions.
You hit Terence.
Terence is lightly wounded.
The bat hits you but does no damage. Terence stings you but does no damage.
Unknown command.
You hit Terence but do no damage.
Terence is lightly wounded.
Terence stings you.
* * * LOW HITPOINT WARNING * * *
The bat hits you but does no damage.
Unknown command.
You miss the bat. You barely miss Terence. You hit the quokka.
You burn the quokka. The bat hits you but does no damage. Terence stings you!
* * * LOW HITPOINT WARNING * * *
The bat hits you but does no damage.
The quokka bites you but does no damage.
Terence barely misses you.
The kobold barely misses Terence.
Unknown command.
You closely miss the bat. You closely miss Terence. You hit the quokka.
You freeze the quokka.
You kill the quokka!
The bat hits you but does no damage. Terence stings you!
You die...
Xom guffaws!

#.##...##.
#........
........ ......
#....#####
#...##...##
#.†)#.....#
#)♣FK..†)#
.......)#..)..#
.##.##.b##...##
.. .....##### .
.##.#? # #. #.
#. # ..


You could see Terence the cane toad shaped shifter, a bat and a kobold
(confused).

Vanquished Creatures
  Jessica (D:2)
  An adder (D:2)
  A dart slug (D:1)
  3 ball pythons (D:1)
  4 bats (D:1)
  7 endoplasms
  A giant cockroach (D:1)
  7 hobgoblins (D:1)
  2 jackals (D:1)
  5 kobolds
  3 quokkas
  2 frilled lizards (D:1)
  5 goblins
  2 rats (D:1)
44 creatures vanquished.

Notes
Turn   | Place    | Note
-------+----------+-------------------------------------------
     0 | D:1      | Tali the Demonspawn Chaos Knight began the quest for the
                  | Orb.
     0 | D:1      | Reached XP level 1. HP: 18/18 MP: 1/1
    15 | D:1      | XOM: silly message
    20 | D:1      | XOM: silly message
    37 | D:1      | Gained mutation: You have a small tail. [demonic ancestry]
    37 | D:1      | Reached XP level 2. HP: 24/24 MP: 2/2
    72 | D:1      | Found a faded altar of an unknown god.
   124 | D:1      | XOM: silly message
   194 | D:1      | XOM: divination: detect creatures
   320 | D:1      | Got Ucephyes's Textbook on Battling and the Nimbus
   334 | D:1      | XOM: divination: magic mapping
   462 | D:1      | Reached XP level 3. HP: 29/29 MP: 3/3
   687 | D:1      | XOM: divination: detect items
   909 | D:2      | Noticed Jessica
   909 | D:2      | XOM: 4-stop teleportation journey
   914 | D:2      | Killed Jessica
   915 | D:2      | Reached skill level 1 in Dodging
   915 | D:2      | Reached XP level 4. HP: 8/36 MP: 4/4
  1025 | D:2      | Noticed Terence
  1036 | D:2      | Terence changed into Terence the shapeshifter
  1036 | D:2      | Noticed Terence (shapeshifter)
  1036 | D:2      | Terence the shapeshifter changed into Terence the spriggan
  1036 | D:2      | Noticed Terence (shapeshifter)
  1038 | D:2      | XOM: swap monsters
  1042 | D:2      | Terence the spriggan changed into Terence the cane toad
  1042 | D:2      | Noticed Terence (shapeshifter)
  1049 | D:2      | HP: 2/55 [Terence the cane toad (shapeshifter) (7)]
  1050 | D:2      | Slain by Terence the cane toad (shapeshifter)

Illustrated notes

Levels and vault maps discovered:
D:1:      dpeg_arrival_simpleton_a, layout_basic, basic_ecumenical_altar
D:2:      layout_loops_ring, kennysheep_jessica_study, uniq_terence,
          uniq_crazy_yiuf_cottage

Skill      XL: |  1  2  3 |
---------------+----------+-----
Axes           | 3 |  3.8
Armour         | 2 |  2.2
Dodging        | 1 |  1.2
Fighting       | |  3.6
Stealth        | |  0.1

Action                     |  1- 3 |  4- 6 || total
---------------------------+-------+-------++-------
  Melee: Hand axe          |    99 |    25 ||   124
         Tailslap          |     7 |       ||     7
         Punch             |     1 |       ||     1
    Use: Potion            |     1 |     1 ||     2
 Armour: Leather armour    |    40 |     2 ||    42
         Skin              |       |    37 ||    37
  Dodge: Dodged            |    73 |     6 ||    79
